Map: Rorschach LE

Players

RipNHammer

  • Race: Terran Terran
  • League: Master
  • Spawn Location: 7:00

Nilon - Winner!

  • Race: Terran Terran
  • League: Grandmaster
  • Spawn Location: 5:00

VOD

Have the link to the VOD?

Description

Time

  • Played on: Sept. 8, 2026, 6:15 p.m.
  • Length: 5:54
Show
View Real Time Build Order
Export as new Build Order

RipNHammer Terran 

Build Orders:  

Get SALT Encoding   

  8  0:00  SCV  
  9  0:12  SCV  
  10  0:25  SCV  
  11  0:37  SCV  
  12  0:46  Supply Depot  
  12  0:49  SCV  
  13  1:08  SCV  
  13  1:09  Refinery  
  13  1:10  Barracks  
  14  1:19  Refinery  
  14  1:20  SCV  
  15  1:32  SCV  
  16  1:44  SCV  
  17  1:58  Reaper, Orbital Command  
  18  2:09  Factory  
  18  2:24  SCV  
  19  2:32  Barracks Reactor  
  18  2:37  SCV  
  19  2:46  Supply Depot  
  19  2:49  SCV  
  19  3:01  SCV  
  18  3:06  Hellion  
  20  3:13  SCV  
  20  3:14  Reaper x2  
  22  3:27  Hellion  
  22  3:29  Starport  
  24  3:42  Supply Depot  
  24  3:46  SCV  
  24  3:48  Reaper  
  26  3:49  Hellion  
  28  3:58  Reaper  
  29  4:03  SCV  
  29  4:09  Liberator  
  27  4:24  Hellion  
  27  4:25  Reaper  
  27  4:26  SCV  
  31  4:32  Reaper  
  31  4:34  Supply Depot  
  32  4:46  SCV  
  33  4:55  Hellion  
  33  4:59  Reaper  
  36  5:06  Reaper  
  39  5:22  SCV  
  39  5:24  Factory Tech Lab  
  40  5:30  Supply Depot  
  40  5:33  Command Center  
  40  5:34  SCV  
Show
View Real Time Build Order
Export as new Build Order

Nilon Terran - Winner!

Build Orders: Reaper Expand 

Get SALT Encoding   

  8  0:01  SCV  
  9  0:13  SCV  
  10  0:25  SCV  
  11  0:30  Supply Depot  
  11  0:38  SCV  
  12  0:50  SCV  
  12  0:54  Barracks  
  13  1:02  SCV  
  14  1:05  Refinery  
  14  1:14  SCV  
  15  1:26  SCV  
  16  1:38  SCV  
  17  1:48  Reaper  
  17  1:50  Orbital Command  
  18  2:03  Command Center  
  18  2:15  Supply Depot  
  18  2:16  SCV  
  18  2:22  Marine  
  20  2:30  SCV  
  21  2:39  Factory, Marine  
  21  2:42  SCV  
  23  2:46  Refinery  
  23  2:55  SCV  
  24  3:04  Barracks Tech Lab  
  24  3:08  SCV  
  25  3:17  Orbital Command  
  25  3:21  SCV  
  26  3:28  Starport  
  26  3:31  Cyclone  
  26  3:33  SCV  
  30  3:36  Barracks Tech Lab  
  30  3:39  Orbital Command  
  30  3:46  SCV  
  31  3:54  Refinery  
  31  4:00  SCV  
  32  4:03  Supply Depot  
  32  4:07  SCV  
  33  4:12  Command Center  
  33  4:13  SCV  
  34  4:19  SCV  
  32  4:25  SCV  
  32  4:26  Banshee  
  32  4:27  Siege Tank  
  32  4:28  Barracks Reactor  
  40  4:31  SCV  
  40  4:36  Supply Depot  
  40  4:40  SCV  
  40  4:43  SCV, Interference Matrix  
  40  4:56  SCV x2  
  40  4:57  Supply Depot  
  40  5:03  Siege Tank  
  41  5:08  Marine x2  
  43  5:17  SCV x2  
  44  5:22  Viking  
  44  5:24  Orbital Command  
  44  5:29  SCV x2  
  37  5:54  Refinery  
Tags
 
Matchup
TvT
Race
Terran
Replay Pack
RipNHammer
Spawn Locations
Close Positions
Add a new tag
Caveats
  • Supply blocks, unpowered buildings, or Contaminate may cause inaccurate times.
  • Supply counts are checked every 10 seconds.